Map: 10000 Feet LE

Players

PrinceAbubu - Winner!

  • Race: Zerg Zerg
  • League: Diamond
  • Spawn Location: 5:00

Freddy

  • Race: Terran Terran
  • League: Diamond
  • Spawn Location: 11:00

VOD

Have the link to the VOD?

Description

I played well

Time

  • Played on: Nov. 26, 2025, 5:37 p.m.
  • Length: 14:52
Show
View Real Time Build Order
Export as new Build Order

PrinceAbubu Zerg - Winner!

Build Orders: Hatch First, Brood Lord Corruptor 

Get SALT Encoding   

  12  0:00  Drone  
  13  0:07  Drone  
  14  0:14  Extractor  
  14  0:15  Drone  
  15  0:21  Overlord  
  15  0:41  Drone  
  16  0:47  Hatchery  
  16  0:49  Drone  
  16  0:54  Drone  
  17  0:58  Drone  
  18  1:08  Extractor  
  17  1:12  Spawning Pool  
  17  1:14  Drone  
  17  1:18  Drone  
  18  1:28  Drone  
  19  1:38  Drone  
  20  1:48  Drone  
  21  1:59  Queen x2  
  21  2:00  Zergling x4  
  27  2:10  Overlord, Drone  
  27  2:12  Metabolic Boost  
  27  2:38  Drone x4  
  27  2:39  Queen  
  27  2:41  Queen  
  35  2:51  Overlord  
  35  2:52  Overlord  
  35  3:13  Drone  
  35  3:14  Drone x8  
  35  3:15  Drone  
  45  3:22  Lair  
  45  3:40  Queen  
  47  3:43  Extractor, Hatchery  
  47  3:46  Extractor x2  
  43  3:57  Drone  
  43  3:59  Zergling x4  
  43  4:00  Zergling x4  
  48  4:06  Drone  
  48  4:07  Drone  
  48  4:08  Drone  
  48  4:09  Overlord x2  
  51  4:28  Drone x4  
  51  4:30  Drone x2  
  57  4:44  Drone x2  
  59  4:49  Spire  
  59  4:50  Drone  
  55  5:14  Zergling x10  
  55  5:15  Zergling x6  
  55  5:20  Drone  
  64  5:23  Overlord  
  64  5:32  Queen x2  
  68  5:39  Drone  
  68  5:40  Drone x5  
  68  5:41  Overlord  
  68  5:42  Overlord x2  
  74  6:05  Mutalisk x10  
  94  6:16  Baneling Nest  
  94  6:18  Evolution Chamber, Drone x3  
  95  6:19  Evolution Chamber  
  95  6:21  Drone x2  
  92  6:26  Zergling x2  
  89  6:34  Queen  
  84  6:50  Drone x2, Infestation Pit  
  84  6:51  Drone x10  
  95  6:54  Extractor  
  95  6:55  Extractor  
  93  7:05  Zerg Melee Weapons Level 1, Centrifugal Hooks  
  93  7:08  Zerg Ground Armor Level 1  
  93  7:14  Hatchery  
  90  7:30  Drone  
  90  7:31  Drone x2  
  90  7:32  Drone x3  
  96  7:38  Zergling x10  
  96  7:42  Hive  
  101  7:44  Spire, Zerg Flyer Weapons Level 1  
  101  7:47  Hatchery  
  101  7:49  Overlord x4  
  99  8:02  Baneling x12  
  99  8:06  Overlord x2  
  99  8:10  Zergling x20  
  109  8:15  Pneumatized Carapace  
  109  8:26  Corruptor x5  
  119  8:32  Drone x4  
  123  8:42  Extractor  
  123  8:44  Baneling x7  
  123  8:46  Extractor, Queen  
  123  9:00  Drone x2  
  123  9:01  Drone  
  123  9:02  Drone x3  
  129  9:03  Drone x10  
  139  9:16  Greater Spire  
  139  9:22  Zerg Ground Armor Level 2, Zerg Melee Weapons Level 2  
  139  9:24  Adrenal Glands  
  139  9:41  Corruptor  
  139  9:42  Corruptor x3  
  139  9:44  Overlord x2  
  147  9:50  Hatchery  
  147  9:51  Extractor  
  145  9:53  Extractor  
  145  9:55  Extractor  
  145  9:56  Extractor  
  142  10:18  Corruptor  
  142  10:19  Corruptor x4  
  152  10:43  Brood Lord  
  152  10:44  Brood Lord x5  
  152  10:47  Zergling x2  
  152  10:48  Overlord, Zergling x16  
  152  10:49  Overlord x7  
  173  10:52  Zerg Flyer Weapons Level 2  
  173  11:02  Drone x3  
  173  11:03  Drone x2  
  173  11:04  Drone  
  179  11:07  Overlord  
  179  11:08  Drone x3  
  179  11:09  Drone  
  179  11:10  Drone x2  
  185  11:19  Overseer x2  
  185  11:24  Hatchery  
  184  11:27  Zerg Flyer Armor Level 1  
  184  11:31  Brood Lord x3  
  188  12:01  Corruptor x5  
  188  12:04  Baneling x7  
  188  12:05  Baneling x13  
  194  12:43  Viper x3  
  179  13:33  Zergling x46  
  179  13:34  Zergling x30  
  199  13:45  Extractor  
  199  13:47  Drone  
  199  13:49  Overlord x2  
  199  13:51  Overseer x5  
Show
View Real Time Build Order
Export as new Build Order

Freddy Terran 

Build Orders: Reaper Expand 

Get SALT Encoding   

  12  0:00  SCV  
  13  0:12  SCV  
  14  0:17  Supply Depot  
  14  0:24  SCV  
  15  0:38  SCV  
  15  0:39  Barracks  
  16  0:43  Refinery  
  16  0:50  SCV  
  17  1:02  SCV  
  18  1:15  SCV  
  19  1:27  Orbital Command, Reaper  
  20  1:40  Command Center  
  20  1:51  Barracks  
  20  1:54  SCV  
  20  1:59  Barracks Reactor  
  21  2:06  SCV  
  22  2:09  Refinery  
  22  2:12  Supply Depot  
  22  2:22  Factory  
  22  2:27  SCV  
  23  2:40  SCV, Barracks Tech Lab  
  23  2:41  Marine x2  
  25  2:53  Orbital Command  
  25  2:55  SCV  
  26  2:59  Stimpack  
  26  3:01  Marine  
  27  3:09  Marine  
  27  3:11  Factory Reactor  
  29  3:18  Starport  
  28  3:21  Marine  
  28  3:23  SCV  
  28  3:26  Marine  
  31  3:30  SCV  
  31  3:32  Marine  
  33  3:38  Marine  
  33  3:39  Supply Depot  
  34  3:45  Marine  
  35  3:49  Marine  
  36  3:56  Marine  
  36  4:00  Factory Tech Lab  
  37  4:03  Marine  
  37  4:04  Medivac x2  
  37  4:09  Engineering Bay  
  42  4:14  Engineering Bay, SCV  
  42  4:15  SCV  
  42  4:16  Marine x2  
  46  4:21  Marine  
  47  4:25  Supply Depot  
  47  4:34  Marine x2  
  49  4:38  Combat Shield  
  49  4:45  Terran Infantry Weapons Level 1  
  49  4:47  Refinery  
  49  4:50  SCV x2  
  51  4:53  Refinery  
  51  5:01  Marine x2  
  51  5:02  Marine  
  47  5:19  Marine x3  
  47  5:21  SCV x2  
  50  5:23  Medivac  
  52  5:31  Terran Infantry Armor Level 1  
  52  5:40  Marine x3  
  55  5:48  SCV  
  56  5:57  Concussive Shells  
  56  5:58  Marine  
  57  6:04  Medivac x2  
  57  6:07  Command Center  
  61  6:12  SCV  
  61  6:17  Supply Depot  
  61  6:18  Supply Depot  
  62  6:35  Marine  
  62  6:36  SCV  
  62  6:37  Marine x2  
  56  6:41  Missile Turret  
  56  6:43  Missile Turret  
  53  6:53  Marine  
  54  6:54  Marine x2  
  54  6:59  Armory  
  56  7:06  Missile Turret  
  56  7:11  Marine  
  56  7:12  Marine x2  
  56  7:13  Barracks x2  
  58  7:28  Marine  
  57  7:38  Missile Turret  
  57  7:44  Marine x2  
  57  7:50  SCV x2  
  61  7:54  Marine  
  61  7:57  Orbital Command  
  62  8:02  SCV, Barracks Tech Lab  
  62  8:03  Barracks Tech Lab  
  62  8:04  Thor  
  69  8:11  SCV  
  72  8:12  Marauder  
  72  8:14  SCV  
  72  8:16  Marine x2  
  72  8:17  Medivac x2  
  79  8:20  Terran Infantry Armor Level 2, Terran Infantry Weapons Level 2  
  79  8:23  Terran Vehicle Weapons Level 1  
  79  8:29  Refinery  
  79  8:30  SCV x2  
  79  8:31  Refinery  
  79  8:33  Marine x2  
  83  8:48  SCV  
  83  8:51  SCV x2  
  83  8:55  Thor  
  92  8:58  Marine  
  93  9:06  Supply Depot  
  93  9:17  Supply Depot  
  93  9:26  Sensor Tower  
  93  9:27  Marine  
  93  9:28  Marauder x2, SCV x3  
  93  9:30  Supply Depot  
  101  9:38  Marine  
  101  9:39  Marauder  
  104  9:46  Supply Depot  
  104  9:49  Medivac x2  
  108  9:53  Siege Tank  
  108  9:54  Refinery, Command Center  
  108  9:55  SCV  
  108  9:56  Sensor Tower, SCV  
  108  9:57  Refinery  
  113  10:00  Supply Depot  
  113  10:12  Supply Depot  
  113  10:13  Marauder x2  
  119  10:14  Marauder  
  119  10:18  Supply Depot  
  119  10:19  SCV  
  120  10:27  Supply Depot  
  120  10:28  Supply Depot  
  120  10:30  SCV x2  
  120  10:32  Marine  
  120  10:35  Marauder  
  125  10:41  Factory  
  125  10:43  Factory  
  125  10:49  SCV  
  126  10:55  Supply Depot  
  126  10:56  Supply Depot  
  126  10:58  Supply Depot  
  126  10:59  Terran Vehicle Weapons Level 2  
  126  11:02  Supply Depot  
  126  11:06  Planetary Fortress  
  126  11:10  SCV  
  127  11:19  Supply Depot  
  127  11:20  Terran Infantry Weapons Level 3  
  127  11:34  Factory Tech Lab x2  
  127  11:36  Medivac x2, Siege Tank  
  134  11:40  Supply Depot  
  134  11:45  SCV  
  135  11:58  Missile Turret  
  135  12:00  Sensor Tower  
  135  12:04  Supply Depot  
  135  12:07  Siege Tank x2  
  135  12:08  Siege Tank  
  144  12:16  Supply Depot  
  144  12:17  Orbital Command  
  138  12:37  Missile Turret  
  137  12:45  SCV  
  137  12:48  Supply Depot  
  138  12:58  SCV x3  
  140  12:59  Marine  
  140  13:00  Marauder, Marine  
  140  13:01  Marauder x2  
  146  13:17  Marine  
  147  13:22  Marauder  
  97  13:36  Thor x3  
  97  13:37  Marine  
  97  13:38  Marauder, Marine  
  97  13:39  Marauder  
  97  13:40  SCV  
  117  13:43  Marauder  
  117  13:49  Command Center  
  117  13:52  Viking x2  
  121  13:55  Marine  
  121  13:57  Starport, SCV x2  
  121  13:58  Starport  
  121  14:00  Marauder x2  
  128  14:05  Marauder  
  128  14:11  Marine  
  124  14:19  Siege Tank x2  
  124  14:21  Marauder x2  
  124  14:22  Viking  
  134  14:27  Marine  
  134  14:28  Marauder  
Tags
 
Add a new tag
Caveats
  • Supply blocks, unpowered buildings, or Contaminate may cause inaccurate times.
  • Supply counts are checked every 10 seconds.